Map: Ascension to Aiur LE

Players

Serral - Winner!

  • Race: Zerg Zerg
  • League: Master
  • Spawn Location: 5:00

liquidthermy (uThermal)

  • Race: Terran Terran
  • League: Master
  • Spawn Location: 11:00

Event: HomeStory Cup XV

VOD

Have the link to the VOD?

Description

Time

  • Played on: July 23, 2017, 9:49 a.m.
  • Length: 6:04

All games in this series

Show
View Real Time Build Order
Export as new Build Order

Serral Zerg - Winner!

Build Orders: Pool First, Ravager All-In 

Get SALT Encoding   

  12  0:00  Drone  
  13  0:12  Overlord  
  13  0:17  Drone  
  14  0:31  Drone x2  
  14  0:34  Drone  
  17  0:44  Extractor  
  17  0:46  Drone  
  17  0:50  Spawning Pool  
  17  0:55  Drone  
  17  1:06  Drone  
  18  1:18  Hatchery  
  17  1:21  Drone  
  18  1:36  Queen  
  18  1:37  Zergling x2  
  21  1:50  Overlord  
  21  1:53  Drone  
  22  2:10  Roach Warren  
  22  2:11  Extractor, Drone  
  22  2:13  Drone  
  22  2:16  Queen  
  22  2:22  Drone  
  26  2:35  Overlord  
  25  2:50  Roach x2  
  29  2:55  Roach x2  
  32  3:00  Queen  
  32  3:03  Roach  
  36  3:10  Ravager  
  36  3:11  Ravager  
  38  3:14  Overlord  
  38  3:33  Ravager x2  
  41  3:34  Ravager  
  41  3:35  Drone x2  
  43  3:42  Overlord  
  43  3:43  Roach  
  45  4:05  Drone x2  
  47  4:12  Ravager  
  47  4:14  Hatchery  
  47  4:20  Overlord  
  47  4:23  Drone  
  47  4:24  Drone x2  
  50  4:37  Drone  
  51  4:42  Queen  
  50  4:48  Drone x2  
  50  4:51  Roach  
  53  4:54  Drone  
  53  4:59  Overlord  
  54  5:15  Roach  
  54  5:25  Overlord  
  54  5:31  Drone  
  52  5:39  Hatchery  
  50  5:42  Drone  
Show
View Real Time Build Order
Export as new Build Order

liquidthermy Terran 

Build Orders:  

Get SALT Encoding   

  12  0:01  SCV  
  13  0:13  SCV  
  14  0:18  Supply Depot  
  14  0:26  SCV  
  15  0:40  SCV  
  16  0:46  Barracks  
  16  1:00  Barracks  
  16  1:10  Barracks  
  16  1:14  SCV  
  17  1:28  Supply Depot  
  17  1:32  Marine  
  18  1:39  SCV  
  19  1:41  Bunker  
  19  1:47  Marine  
  19  1:50  Marine  
  21  1:58  Marine  
  22  2:02  Orbital Command  
  22  2:05  Marine  
  22  2:08  Marine  
  24  2:15  Bunker  
  24  2:18  Marine  
  25  2:23  Marine  
  26  2:31  SCV  
  26  2:33  Marine  
  26  2:35  Marine  
  29  2:42  Marine  
  29  2:43  Refinery x2  
  30  2:50  Marine  
  31  2:58  Supply Depot  
  31  3:08  Bunker  
  31  3:19  Marine x3  
  35  3:20  SCV  
  33  3:34  SCV  
  33  3:36  Factory  
  33  3:37  Marine  
  35  3:46  SCV  
  33  3:51  Marine  
  34  3:57  Marine  
  34  3:58  SCV  
  34  4:02  Marine  
  33  4:08  Marine  
  31  4:12  SCV  
  31  4:15  Marine  
  31  4:21  Cyclone, Starport  
  31  4:23  Marine  
  35  4:32  Marine  
  35  4:34  Supply Depot  
  35  4:35  Marine  
  37  4:43  Marine  
  37  4:55  Cyclone  
  37  4:59  Supply Depot  
  39  5:00  Starport Tech Lab  
  39  5:10  Marine  
  39  5:11  Marine  
  20  5:44  Marine  
  12  5:50  SCV  
Tags
 
Add a new tag
Caveats
  • Supply blocks, unpowered buildings, or Contaminate may cause inaccurate times.
  • Supply counts are checked every 10 seconds.